 Dungeon Crawl Stone Soup version 0.30-a0-696-g2367cd04db (webtiles) character file.

Game seed: 5464759400968248593

109 Crownlay the Grave Robber (level 4, -1/30 HPs)
             Began as a Demonspawn Necromancer on Jan 20, 2023.
             Slain by Pargi (3 damage)
             ... in a sewer.
             The game lasted 00:03:38 (2508 turns).

Crownlay the Grave Robber (Demonspawn Necromancer)  Turns: 2508, Time: 00:03:39

Health: -1/30      AC:  2    Str:  8    XL:     4   Next: 60%
Magic:  0/7        EV: 12    Int: 19    God:
Gold:   72         SH:  0    Dex: 13    Spells: 6/7 levels left

rFire   . . .      SeeInvis .    g - +0 dagger (speed)
rCold   . . .      Faith    .    (no shield)
rNeg    . . .      Spirit   .    a - +0 robe
rPois   .          Reflect  .    (no helmet)
rElec   .          Harm     .    (no cloak)
rCorr   .          Rampage  .    (no gloves)
Will    .....                    (no boots)
Stlth   +                        (no amulet)
HPRegen 0.25/turn                (no ring)
MPRegen 0.10/turn                (no ring)

@: very slow
A: sturdy frame 1, demonic touch 1
a: no special abilities


You were in a sewer.
You visited 1 branch of the dungeon, and saw 3 of its levels.
You also visited: Sewer.

You collected 72 gold pieces.

Inventory:

Hand Weapons
 g - a +0 dagger of speed (weapon)
Missiles
 m - 2 throwing nets
Armour
 a - a +0 robe (worn)
Scrolls
 c - a scroll of teleportation {unknown}
 d - 2 scrolls of fog
 f - a scroll of poison {unknown}
 i - a scroll of amnesia {unknown}
 j - a scroll of identify {unknown}
 l - a scroll of torment {unknown}
Potions
 b - 2 potions of magic
 h - a potion of might {unknown}
 k - a potion of degeneration {unknown}


   Skills:
 - Level 1.7 Dodging
 - Level 1.7 Stealth
 - Level 2.0 Spellcasting
 + Level 6.5 Necromancy
 + Level 0.5 Transmutations


You had 6 spell levels left.
You knew the following spells:

 Your Spells              Type           Power      Damage    Failure   Level
a - Necrotise             Necr           100%       1d9       1%          1

Your spell library contained the following spells:

 Spells                   Type           Power      Damage    Failure   Level
 Vampiric Draining        Necr           26%        2d7       3%          3
 Animate Dead             Necr           26%        N/A       11%         4
 Passwall                 Tmut/Erth      1%         N/A       22%         2
 Ensorcelled Hibernation  Hex/Ice        2%         N/A       26%         2
 Agony                    Necr           26%        N/A       30%         5
 Swiftness                Air            1%         N/A       45%         3


Dungeon Overview and Level Annotations

Branches:
Dungeon (3/15)              Sewer (1/1)

Altars:

Annotations:
Sewer Pargi


Innate Abilities, Weirdness & Mutations

Your movements are slightly less encumbered by armour. (ER -2)
Your touch may inflict minor irresistible damage on your foes.


Message History

You hit Pargi.
Pargi is almost dead.
Pargi barely misses you. Pargi claws you.
* * * LOW HITPOINT WARNING * * *
Pargi claws you.
* * * LOW HITPOINT WARNING * * *
You feel better. Pargi misses you. Pargi barely misses you. Pargi claws you.
* * * LOW HITPOINT WARNING * * *
Casting: Necrotise (safe; 1% risk of failure)
Confirm with . or Enter, or press ? or * to list all spells.
Aiming: Necrotise (safe; 1% risk of failure)
Press: ? - help, Shift-Dir - straight line, f/p - Pargi
Aim: Pargi (almost dead, chance to affect: 88%) Pargi writhes in agony.
Pargi bites you.
* * * LOW HITPOINT WARNING * * *
Pargi claws you.
* * * LOW HITPOINT WARNING * * *
Pargi claws you but does no damage.
You barely miss Pargi.
Pargi is almost dead.
Pargi barely misses you. Pargi claws you.
* * * LOW HITPOINT WARNING * * *
Pargi closely misses you.
You closely miss Pargi.
Pargi is almost dead.
You hit Pargi.
Pargi is almost dead.
Pargi bites you.
* * * LOW HITPOINT WARNING * * *
Pargi claws you but does no damage. x2
You hit Pargi.
Pargi is almost dead.
You closely miss Pargi. Your touch misses Pargi.
Pargi is almost dead.
Pargi closely misses you. Pargi misses you. Pargi claws you but does no damage.
You hit Pargi.
Pargi is almost dead.
Pargi snarls, "Go!
Away!"
Pargi bites you.
You die...

#≈≈≈≈≈≈≈≈≈≈≈≈≈.≈≈≈≈~...
#≈≈≈≈≈≈≈≈≈≈≈≈≈.#.≈≈~###
#≈≈≈≈≈≈≈≈≈≈≈..##.∩∩##
≈≈≈≈≈≈≈≈≈≈≈≈~~.##.##
≈≈≈≈≈≈≈≈≈≈≈~#.#####
#≈≈≈≈≈≈≈≈≈≈~###
#≈≈≈≈≈≈≈≈.~.#
#≈≈≈≈≈≈≈~#### #≈≈≈≈≈@##
≈≈≈≈≈≈≈T# #≈≈≈≈≈≈~.
#≈≈≈≈≈≈~.# #≈≈≈≈≈≈≈.#
#≈≈≈≈≈≈≈≈. #≈≈≈≈≈≈≈≈~
#≈≈≈≈≈≈≈≈≈~


You could see Pargi.

Vanquished Creatures
  5 adders (D:2)
  A dart slug (D:2)
  An orc (D:3)
  3 ball pythons
  2 bats (D:2)
  5 endoplasms
  8 giant cockroaches
  5 goblins
  7 hobgoblins
  6 kobolds
  4 quokkas (D:3)
  5 frilled lizards
  4 rats
56 creatures vanquished.

Vanquished Creatures (collateral kills)
  A frilled lizard (D:1)
1 creature vanquished.

Grand Total: 57 creatures vanquished

Notes
Turn   | Place    | Note
-------+----------+-------------------------------------------
     0 | D:1      | Crownlay the Demonspawn Necromancer began the quest for the
                  | Orb.
     0 | D:1      | Reached XP level 1. HP: 13/13 MP: 3/3
   309 | D:1      | Gained mutation: Your movements are slightly less
                  | encumbered by armour. (ER -2) [demonic ancestry]
   309 | D:1      | Reached XP level 2. HP: 19/19 MP: 3/5
   366 | D:1      | Reached skill level 5 in Necromancy
  1081 | D:2      | Reached XP level 3. HP: 24/24 MP: 2/6
  1456 | D:2      | Reached skill level 6 in Necromancy
  1867 | D:2      | Gained mutation: Your touch may inflict minor irresistible
                  | damage on your foes. [demonic ancestry]
  1867 | D:2      | Reached XP level 4. HP: 30/30 MP: 2/7
  2376 | D:3      | Found a glowing drain.
  2410 | Sewer    | Entered a sewer
  2484 | Sewer    | Noticed Pargi
  2495 | Sewer    | HP: 1/30 [Pargi (3)]
  2508 | Sewer    | Slain by Pargi

Illustrated notes

Levels and vault maps discovered:
D:1:      minmay_arrival_three_doors, layout_basic, minmay_misc_feat_tiny
D:2:      minmay_evil_eye, layout_basic
D:3:      layout_basic, lemuel_round_altar, gup_sewer_entry_pipe
Sewer:    sewer_co_pargi_island

Skill      XL: |  1  2  3 |
---------------+----------+-----
Necromancy     | 5 6 |  6.5
Dodging        | |  1.7
Stealth        | |  1.7
Spellcasting   | |  2.0
Transmutations | |  0.5

Action                   |  1- 3 |  4- 6 || total
-------------------------+-------+-------++-------
Melee: Unarmed           |     7 |       ||     7
       Dagger            |     1 |    22 ||    23
       Touch             |       |     2 ||     2
 Cast: Necrotise         |    66 |    32 ||    98
  Use: Potion            |       |     3 ||     3
       Scroll            |       |     1 ||     1
Armor: Robe              |     7 |    10 ||    17
Dodge: Dodged            |    14 |    24 ||    38

Table legend: (Time is in decaauts)
 A = Elapsed time spent in this place.
 B = Non-inter-level travel time spent in this place.
 C = Inter-level travel time spent in this place.
 D = Time resting spent in this place.
 E = Time spent auto-exploring this place.
 F = Levels seen in this place.
 G = Mean time per level.
                   A        B        C        D        E       F      G
               +--------+--------+--------+--------+--------+-----+--------+
         Total |   2505 |   2365 |    140 |      0 |   1977 |   4 |  626.2 |
       Dungeon |   2408 |   2268 |    140 |      0 |   1904 |   3 |  802.7 |
         Sewer |     96 |     96 |      0 |      0 |     73 |   1 |   96.0 |
               +--------+--------+--------+--------+--------+-----+--------+

Top non-repeatable levels by time:
     D:2: 1162 daAuts
     D:1: 1034 daAuts
     D:3: 212 daAuts
   Sewer: 96 daAuts
